Map: Rhoskallian LE

Players

GosuReaper - Winner!

  • Race: Zerg Zerg
  • Spawn Location: 6:00

CatZ - Winner!

  • Race: Zerg Zerg
  • Spawn Location: 5:00

imeurotrash

  • Race: Zerg Zerg
  • Spawn Location: 11:00

AskMeForHelp

  • Race: Terran Terran
  • League: Master
  • Spawn Location: 12:00

VOD

Have the link to the VOD?

Description

Time

  • Played on: Jan. 15, 2026, 8:18 p.m.
  • Length: 12:44
Show
View Real Time Build Order
Export as new Build Order

GosuReaper Zerg - Winner!

Build Orders: Hatch First, Roach Hydra 

Get SALT Encoding   

  12  0:04  Drone  
  13  0:14  Drone  
  13  0:19  Extractor, Drone  
  15  0:37  Hatchery  
  14  0:42  Extractor  
  14  0:43  Drone  
  14  0:49  Overlord  
  15  1:08  Drone  
  16  1:14  Hatchery  
  16  1:18  Drone  
  16  1:21  Drone  
  17  1:27  Drone  
  17  1:30  Drone  
  19  1:43  Drone  
  20  1:49  Drone  
  20  1:53  Drone  
  22  2:05  Drone x2  
  22  2:07  Hatchery  
  23  2:13  Drone x2  
  25  2:25  Drone x2  
  25  2:28  Drone  
  28  2:34  Drone, Spawning Pool  
  28  2:35  Drone  
  29  2:38  Drone x2  
  29  2:43  Drone x2  
  33  2:48  Overlord  
  33  2:52  Drone  
  34  2:59  Overlord  
  34  3:06  Drone  
  34  3:07  Overlord  
  34  3:08  Drone x5  
  34  3:09  Drone  
  34  3:12  Drone  
  42  3:18  Drone  
  42  3:19  Drone  
  44  3:22  Drone  
  44  3:24  Extractor  
  44  3:26  Extractor  
  43  3:27  Extractor x2  
  43  3:28  Extractor, Drone x3  
  43  3:29  Drone  
  43  3:30  Extractor, Drone  
  43  3:31  Drone x2  
  46  3:35  Drone x3  
  46  3:40  Drone  
  53  3:47  Overlord  
  51  4:12  Overlord  
  51  4:17  Overlord  
  51  4:18  Overlord  
  51  4:21  Roach Warren  
  51  4:22  Lair  
  51  4:23  Zergling x18  
  51  4:24  Zergling x2  
  60  4:42  Overlord  
  60  4:43  Drone x11  
  71  4:46  Extractor x2  
  71  4:52  Drone  
  70  4:59  Drone x2  
  72  5:18  Drone  
  72  5:20  Drone x3, Glial Reconstitution  
  76  5:23  Drone  
  76  5:24  Roach x7, Evolution Chamber  
  87  5:41  Overlord  
  87  5:42  Overlord x4  
  86  5:47  Overlord  
  86  5:52  Roach x6  
  86  5:53  Overlord  
  86  5:54  Zerg Ground Armor Level 1  
  98  6:02  Overseer  
  98  6:04  Roach x6  
  110  6:10  Roach  
  112  6:16  Roach x2  
  116  6:21  Roach x6  
  116  6:23  Overlord  
  116  6:24  Overlord  
  127  6:35  Spore Crawler  
  127  6:37  Drone x5, Spore Crawler  
  114  6:56  Drone  
  114  6:57  Drone x9  
  114  6:58  Hydralisk Den  
  114  7:00  Drone x2  
  116  7:28  Ravager x2  
  116  7:29  Ravager  
  115  7:33  Ravager  
  115  7:37  Drone x11  
  110  7:48  Muscular Augments  
  89  7:55  Hydralisk x3  
  91  7:59  Spore Crawler  
  91  8:00  Spore Crawler  
  91  8:01  Spore Crawler x2  
  83  8:05  Spore Crawler x2  
  83  8:06  Hydralisk x3  
  83  8:07  Zerg Missile Weapons Level 1  
  83  8:11  Evolution Chamber  
  86  8:20  Hydralisk  
  86  8:21  Hydralisk x5  
  86  8:23  Hydralisk x3, Hatchery  
  103  8:29  Hydralisk  
  103  8:31  Hydralisk  
  107  8:41  Hydralisk x3  
  107  8:42  Hydralisk x2  
  115  8:50  Hydralisk x4  
  115  8:52  Grooved Spines  
  115  8:53  Hydralisk  
  115  8:54  Hydralisk x3  
  125  9:00  Hydralisk x2  
  123  9:04  Hydralisk x4  
  131  9:12  Hydralisk x2  
  131  9:13  Hydralisk  
  131  9:16  Extractor  
  135  9:19  Hydralisk  
  135  9:20  Hatchery  
  135  9:21  Overlord x2  
  135  9:22  Overlord x3  
  135  9:23  Zerg Ground Armor Level 2  
  137  9:49  Hydralisk x9  
  155  9:58  Overlord x3  
  155  10:04  Infestation Pit  
  155  10:05  Lurker Den  
  155  10:06  Zerg Missile Weapons Level 2  
  153  10:12  Hydralisk  
  153  10:13  Hydralisk x2  
  159  10:16  Hydralisk  
  159  10:19  Hydralisk  
  163  10:23  Extractor  
  163  10:25  Extractor  
  163  10:27  Drone x2  
  163  10:33  Roach x4  
  170  10:43  Roach x5  
  180  11:03  Hydralisk x9, Hatchery  
  197  11:08  Hive  
  195  11:22  Hydralisk x4  
  191  11:27  Hydralisk  
  191  11:28  Hydralisk  
  191  11:32  Hydralisk x2  
  189  11:37  Hydralisk x2  
  196  11:40  Zergling x2  
  196  11:52  Hydralisk x3  
  192  12:04  Hydralisk x3  
  189  12:08  Hydralisk  
Show
View Real Time Build Order
Export as new Build Order

CatZ Zerg - Winner!

Build Orders: Pool First, Zergling Baneling 

Get SALT Encoding   

  12  0:00  Drone  
  13  0:08  Drone  
  14  0:25  Spawning Pool  
  13  0:29  Drone  
  13  0:33  Extractor  
  13  0:35  Drone  
  14  0:45  Overlord  
  14  0:48  Extractor  
  14  0:49  Drone  
  15  1:12  Queen  
  15  1:14  Zergling x4  
  15  1:16  Zergling x2  
  20  1:27  Drone  
  21  1:35  Metabolic Boost  
  21  1:41  Overlord  
  21  1:58  Queen  
  23  2:04  Drone x2  
  24  2:21  Drone  
  24  2:22  Hatchery  
  24  2:23  Drone  
  25  2:38  Queen  
  27  2:50  Zergling x4  
  29  2:59  Overlord  
  29  3:13  Drone  
  29  3:17  Overlord, Queen  
  32  3:25  Baneling Nest  
  32  3:27  Drone  
  31  3:44  Zergling x2  
  35  3:48  Zergling x2  
  35  3:52  Zergling x2  
  35  3:53  Queen  
  38  4:02  Zergling x4  
  40  4:09  Zergling x6  
  43  4:13  Baneling x3  
  43  4:14  Baneling  
  41  4:20  Overlord  
  41  4:26  Baneling x3  
  41  4:29  Queen  
  40  4:37  Zergling x6  
  41  4:39  Baneling  
  41  4:42  Drone  
  42  4:52  Drone  
  43  4:53  Drone  
  44  5:00  Extractor  
  44  5:02  Baneling  
  41  5:20  Drone x2  
  41  5:21  Zergling x6  
  46  5:33  Zergling x2  
  41  5:49  Drone  
  43  5:50  Drone, Lair  
  43  5:55  Overlord  
  43  6:00  Zergling x2  
  43  6:04  Baneling, Drone  
  45  6:22  Hatchery  
  43  6:33  Spore Crawler  
  43  6:37  Drone x3  
  45  6:45  Spore Crawler  
  44  6:50  Zergling x8  
  44  6:54  Infestation Pit  
  47  6:55  Queen  
  48  7:10  Zergling x2  
  48  7:11  Zergling x2  
  50  7:19  Zergling x4  
  50  7:20  Zergling x4  
  52  7:27  Spore Crawler  
  49  7:33  Zergling x2  
  47  7:41  Queen  
  47  7:43  Infestor x2  
  53  7:46  Queen  
  54  7:54  Overlord  
  45  8:09  Infestor x2  
  45  8:11  Overlord  
  49  8:13  Zergling x2  
  49  8:17  Drone  
  51  8:30  Zergling x2  
  51  8:31  Zergling x6  
  53  8:53  Zergling x10  
  53  8:54  Zergling x2  
  45  8:56  Zergling x2  
  45  9:01  Infestor  
  44  9:10  Infestor  
  44  9:15  Drone  
  48  9:24  Drone  
  48  9:29  Drone  
  44  9:46  Infestor x2  
  44  9:48  Drone  
  44  9:51  Extractor  
  46  9:55  Drone x2  
  46  9:59  Drone x2  
  50  10:04  Infestor  
  52  10:11  Infestor  
  54  10:19  Drone x3  
  54  10:20  Drone  
  58  10:24  Extractor  
  57  10:30  Queen  
  59  10:40  Infestor  
  61  10:51  Infestor  
  61  10:56  Drone x3  
  66  10:58  Overlord  
  66  11:08  Infestor  
  66  11:10  Hatchery  
  67  11:33  Drone  
  67  11:34  Drone x6  
  74  11:43  Infestor  
  76  11:50  Drone  
  76  11:51  Drone x3  
  80  12:03  Infestor x2  
  84  12:11  Spore Crawler  
  73  12:30  Drone x2  
Show
View Real Time Build Order
Export as new Build Order

imeurotrash Zerg 

Build Orders: Hatch First 

Get SALT Encoding   

  12  0:02  Drone  
  13  0:12  Overlord  
  13  0:18  Drone  
  14  0:31  Drone x2  
  16  0:37  Drone  
  17  0:45  Drone  
  18  0:55  Hatchery  
  17  1:00  Drone  
  17  1:03  Extractor  
  17  1:08  Drone  
  18  1:16  Spawning Pool  
  17  1:19  Drone  
  18  1:28  Drone  
  19  1:39  Drone  
  20  2:00  Drone  
  21  2:07  Queen  
  21  2:08  Queen  
  25  2:09  Zergling x2  
  25  2:10  Zergling x2  
  25  2:12  Metabolic Boost  
  25  2:14  Overlord  
  27  2:22  Drone  
  28  2:36  Drone  
  29  2:37  Zergling x4  
  31  2:45  Overlord  
  31  2:48  Zergling x2  
  31  2:51  Zergling x2  
  33  2:54  Zergling x2  
  34  3:00  Lair  
  34  3:03  Drone  
  34  3:05  Zergling x2  
  36  3:13  Drone  
  36  3:17  Drone  
  38  3:21  Overlord  
  38  3:24  Zergling x8  
  38  3:25  Zergling x2  
  43  3:27  Overlord  
  43  3:35  Overlord  
  43  3:43  Zergling x4  
  45  3:49  Overlord  
  45  3:52  Zergling x6  
  45  3:53  Zergling x8  
  52  4:09  Drone x2  
  54  4:17  Spire  
  54  4:18  Extractor  
  54  4:20  Extractor x2  
  50  4:25  Overlord  
  50  4:27  Drone  
  50  4:31  Drone x2  
  43  4:39  Overlord  
  43  4:43  Drone x3  
  46  4:58  Overlord  
  46  5:05  Overlord  
  46  5:09  Drone  
  47  5:17  Drone x2  
  47  5:18  Drone x3  
  52  5:26  Hatchery  
  50  5:30  Mutalisk  
  50  5:31  Mutalisk x2  
  53  5:37  Mutalisk  
  54  5:44  Mutalisk  
  54  5:47  Mutalisk  
  58  5:52  Mutalisk  
  60  6:01  Overlord  
  60  6:02  Mutalisk  
  60  6:03  Drone  
  62  6:10  Mutalisk  
  64  6:16  Drone x2  
  64  6:17  Drone x2  
  66  6:26  Zerg Flyer Weapons Level 1  
  66  6:29  Drone x3  
  65  6:34  Mutalisk  
  65  6:37  Mutalisk  
  69  6:52  Overlord  
  69  6:54  Mutalisk x2  
  67  6:56  Drone x2  
  67  6:58  Drone x3  
  70  7:05  Drone x3  
  74  7:08  Zergling x6  
  74  7:12  Mutalisk  
  78  7:17  Spine Crawler  
  78  7:20  Mutalisk  
  74  7:22  Mutalisk  
  74  7:25  Mutalisk  
  74  7:29  Zergling x4  
  77  7:41  Mutalisk  
  78  7:48  Mutalisk  
  79  7:55  Mutalisk  
  79  7:56  Zergling x2  
  79  7:57  Zergling x16  
  87  8:01  Drone  
  87  8:10  Drone x5  
  92  8:21  Zerg Flyer Weapons Level 2  
  92  8:26  Drone  
  92  8:27  Drone x6  
  99  8:30  Overlord  
  99  8:36  Infestation Pit  
  99  8:39  Roach Warren  
  92  8:46  Mutalisk  
  92  8:47  Mutalisk x2  
  90  8:49  Zergling x2  
  90  8:50  Zergling x2  
  90  8:53  Mutalisk  
  80  8:57  Mutalisk x2  
  72  9:07  Extractor x2  
  72  9:09  Baneling Nest  
  69  9:14  Evolution Chamber  
  69  9:15  Hive, Evolution Chamber  
  68  9:20  Pneumatized Carapace  
  68  9:22  Drone  
  68  9:23  Drone x2  
  71  9:28  Drone x3  
  74  9:34  Queen  
  73  9:44  Spore Crawler  
  73  9:45  Drone x7  
  69  9:46  Drone x2  
  69  9:47  Spine Crawler  
  74  9:54  Drone x2  
  74  9:55  Drone x2  
  78  10:03  Centrifugal Hooks  
  78  10:12  Zerg Melee Weapons Level 1  
  78  10:13  Zerg Ground Armor Level 1  
  78  10:15  Mutalisk x3  
  84  10:22  Hatchery  
  83  10:31  Drone  
  82  10:40  Infestor x2  
  86  10:44  Zergling x2  
  85  10:51  Zergling x2  
  85  10:52  Zergling x16  
  85  10:55  Overlord  
  94  11:00  Mutalisk  
  94  11:02  Mutalisk x2  
  94  11:03  Mutalisk x3  
  106  11:14  Mutalisk  
  106  11:16  Zergling x2  
  108  11:22  Mutalisk x2  
  108  11:23  Zergling x4  
  108  11:24  Zergling x2  
  111  11:30  Mutalisk  
  111  11:31  Zergling x18  
  114  11:41  Mutalisk, Zergling x2  
  114  11:42  Zergling x8  
  116  11:50  Zergling x2  
  104  11:56  Baneling  
  104  11:57  Baneling x7  
  104  11:58  Mutalisk x2  
  104  12:00  Zergling x8  
  106  12:05  Zergling x2  
  106  12:06  Zergling x4  
  90  12:10  Baneling  
  90  12:11  Zergling x4  
  73  12:25  Zergling x4  
Show
View Real Time Build Order
Export as new Build Order

AskMeForHelp Terran 

Build Orders: Reaper Expand 

Get SALT Encoding   

  12  0:00  SCV  
  13  0:12  SCV  
  14  0:17  Supply Depot  
  14  0:24  SCV  
  15  0:39  SCV  
  15  0:41  Barracks  
  16  0:44  Refinery  
  16  0:51  SCV  
  17  1:03  SCV  
  18  1:15  SCV  
  19  1:28  Reaper  
  19  1:29  Orbital Command  
  20  1:42  Command Center  
  20  1:55  SCV  
  20  1:57  Supply Depot  
  20  2:01  Barracks Reactor  
  21  2:07  SCV  
  22  2:19  SCV  
  22  2:22  Factory  
  23  2:25  Refinery  
  23  2:31  SCV  
  23  2:33  Barracks  
  24  2:38  Marine  
  24  2:39  Marine  
  26  2:46  SCV  
  27  2:54  Orbital Command  
  27  3:01  SCV  
  28  3:13  SCV  
  28  3:14  Hellion x2, Barracks Tech Lab  
  33  3:22  Barracks Reactor  
  33  3:24  SCV  
  33  3:25  SCV  
  35  3:34  Stimpack, Marine  
  35  3:36  SCV  
  35  3:37  SCV  
  35  3:40  Supply Depot  
  38  3:44  Hellion x2  
  42  3:48  SCV  
  42  3:50  SCV  
  44  3:56  Starport  
  44  4:00  SCV  
  44  4:02  SCV  
  46  4:06  Supply Depot  
  46  4:09  Hellion, Marine  
  49  4:12  Marine, SCV  
  49  4:14  SCV  
  49  4:15  Hellion  
  54  4:28  SCV x2  
  55  4:40  SCV x2, Marine x2  
  55  4:41  Starport Reactor  
  55  4:44  Barracks  
  59  4:49  Refinery  
  59  4:50  Refinery  
  59  4:52  SCV x2, Engineering Bay  
  61  5:04  SCV  
  62  5:08  Supply Depot  
  62  5:11  SCV  
  62  5:12  Marine x2, Marauder  
  67  5:16  SCV  
  67  5:17  Medivac, Combat Shield  
  70  5:22  Factory Reactor  
  70  5:25  Missile Turret  
  70  5:27  Barracks  
  70  5:29  Medivac, SCV x2  
  72  5:37  Marine x3  
  72  5:40  Barracks Reactor  
  72  5:41  SCV x2  
  72  5:42  Terran Infantry Weapons Level 1  
  77  5:43  Supply Depot  
  77  5:44  Missile Turret  
  77  5:54  SCV  
  78  6:02  Barracks  
  78  6:05  Marine x2, SCV, Marauder  
  78  6:06  SCV  
  86  6:11  Widow Mine  
  86  6:16  Widow Mine  
  86  6:17  Supply Depot, SCV  
  86  6:18  SCV, Marine  
  90  6:19  Marine  
  90  6:22  Marine x2  
  94  6:31  Armory  
  94  6:38  Marine x3, SCV x2  
  94  6:39  Marine  
  99  6:40  Marine  
  99  6:44  Widow Mine  
  102  6:48  Marine  
  102  6:50  Widow Mine  
  102  6:56  Supply Depot  
  102  6:57  Marine  
  102  6:58  Supply Depot, SCV  
  102  7:00  Medivac x2, Marine x2  
  102  7:01  SCV  
  101  7:09  Marine x2  
  101  7:10  Marine x2  
  101  7:11  SCV  
  97  7:21  Marine x3, Marauder  
  93  7:28  SCV  
  83  7:30  Marine x4  
  83  7:31  Widow Mine x2  
  83  7:36  Concussive Shells  
  76  7:39  Marine x3  
  76  7:43  Marauder  
  71  7:48  Marine  
  71  7:50  SCV, Marine x2  
  71  7:55  SCV  
  72  7:59  Barracks Reactor  
  76  8:08  SCV  
  76  8:11  SCV  
  78  8:18  Command Center  
  74  8:22  SCV  
  74  8:23  SCV  
  74  8:25  Terran Infantry Weapons Level 2  
  76  8:34  SCV  
  76  8:35  SCV  
  78  8:49  Marine  
  78  8:50  Marine x5, Marauder  
  78  8:51  Widow Mine x2  
  90  9:00  Marine x2  
  84  9:04  Medivac x2  
  84  9:07  Marine x2  
  84  9:08  Marine  
  91  9:10  SCV x2  
  91  9:11  Marauder  
  91  9:15  Engineering Bay  
  92  9:19  Marine  
  92  9:20  Marine x3  
  92  9:22  SCV x2  
  98  9:31  Orbital Command  
  98  9:32  Supply Depot  
  98  9:33  Marauder  
  98  9:34  SCV x2  
  102  9:45  Marine x2  
  104  9:46  SCV x2  
  104  9:48  Marine x2  
  104  9:49  Marine x3  
  104  9:50  Widow Mine x2  
  115  9:54  Terran Infantry Armor Level 1, Marauder  
  115  9:58  SCV  
  118  10:01  Orbital Command  
  118  10:02  Marine  
  119  10:07  SCV  
  120  10:18  Marine x2, Marauder  
  120  10:19  Medivac  
  120  10:20  Marine, Bunker  
  127  10:23  SCV  
  127  10:28  SCV  
  129  10:34  SCV  
  129  10:35  SCV  
  131  10:37  Supply Depot  
  131  10:38  Supply Depot  
  131  10:39  Marine x3  
  131  10:40  Marine, SCV  
  115  10:50  Medivac x2  
  115  10:54  Factory x2  
  115  10:56  Marine x3  
  113  10:59  SCV x2  
  113  11:02  Marine x2, Marauder  
  113  11:04  SCV  
  114  11:18  Factory Tech Lab  
  93  11:29  Marine  
  93  11:30  Marine, Marauder  
  93  11:31  SCV  
  63  11:35  SCV  
  63  11:39  Marine x5  
  60  11:40  Marine  
  60  11:43  SCV  
  60  11:44  Siege Tank  
  67  11:47  SCV, Marine x2  
  67  11:51  Marauder  
  66  11:57  Marine x2  
  66  11:59  Marine x4  
  71  12:05  Marine  
  60  12:13  Marauder  
  60  12:14  Marine  
  60  12:15  Marine  
  61  12:16  Orbital Command  
Tags
 
Add a new tag
Caveats
  • Supply blocks, unpowered buildings, or Contaminate may cause inaccurate times.
  • Supply counts are checked every 10 seconds.